 Dungeon Crawl Stone Soup version 0.19.5 (webtiles) character file.

14 tidbits the Cutter (level 2, 3/21 HPs)
             Began as a High Elf Wanderer on Oct 29, 2017.
             Quit the game on level 2 of the Dungeon.
             The game lasted 00:02:33 (305 turns).

tidbits the Cutter (High Elf Wanderer)               Turns: 305, Time: 00:02:34

Health: 3/21       AC:  6    Str: 10    XL:     2   Next: 27%
Magic:  3/3        EV:  8    Int: 17    God:
Gold:   14         SH:  0    Dex: 13    Spells: 0 memorised, 1 level left

rFire  . . .     SeeInvis .     a - +2 short sword
rCold  . . .     Gourm    .     B - +0 scale mail
rNeg   . . .     Faith    .     (no shield)
rPois  .         Spirit   .     (no helmet)
rElec  .         Reflect  .     (no cloak)
rCorr  .         Harm     .     (no gloves)
MR     .....                    (no boots)
Stlth  ..........               (no amulet)
                                (no ring)
                                (no ring)

@: lethally poisoned (3 -> -5)
A: no striking features
a: no special abilities


You were on level 2 of the Dungeon.
You were not hungry.

You visited 1 branch of the dungeon, and saw 2 of its levels.

You collected 14 gold pieces.

Inventory:

Hand Weapons
 a - a +2 short sword (weapon)
 b - a +0 hunting sling
   (You found it on level 1 of the Dungeon)
 g - a +0 blowgun
Missiles
 c - 12 poisoned needles
 h - 19 bolts
 i - 2 stones (quivered)
 l - 10 sling bullets
Armour
 e - a +0 robe
 B - a +0 scale mail (worn)
   (You found it on level 2 of the Dungeon)
Scrolls
 j - a scroll of amnesia {unknown}
 k - a scroll of identify {unknown}
Comestibles
 f - a bread ration


   Skills:
 + Level 3.3 Fighting
 - Level 4.8 Short Blades
 - Level 1.0 Throwing
 - Level 1.1 Armour
 + Level 1.0 Dodging
   Level 1.0 Shields


You had one spell level left.
You didn't know any spells.

Dungeon Overview and Level Annotations

Branches:
Dungeon (2/15)

Altars:


Message History

You swing at nothing.
You swing at nothing.
You swing at nothing.
You swing at nothing.
Wield which item (- for none, * to show all)? (? for menu, Esc to quit)
b - a +0 hunting sling (weapon)
A frilled lizard and a hobgoblin come into view.
The frilled lizard hisses angrily.
The hobgoblin shouts!
A giant cockroach comes into view.
There is an escape hatch in the ceiling here.
Firing (i - inventory):
i - 4 stones (quivered)
Press: ? - help, Shift-Dir - straight line, f - frilled lizard
Aim: a frilled lizard You shoot a stone.
The stone barely misses the frilled lizard.
Firing (i - inventory):
i - 3 stones (quivered)
Press: ? - help, Shift-Dir - straight line, f - hobgoblin, p - frilled lizard
Aim: a hobgoblin, wielding a club You shoot a stone.
The stone barely misses the frilled lizard.
The stone hits the hobgoblin.
The hobgoblin is heavily wounded.
Firing (i - inventory):
i - 2 stones (quivered)
Press: ? - help, Shift-Dir - straight line, f/p - hobgoblin
Aim: a hobgoblin, wielding a club (heavily wounded)
You shoot a stone. The stone hits the frilled lizard.
You kill the frilled lizard!
You have reached level 2!
Firing (i - inventory):
i - a stone (quivered)
Press: ? - help, Shift-Dir - straight line, f/p - hobgoblin
Aim: a hobgoblin, wielding a club (heavily wounded)
You shoot a stone. The stone barely misses the hobgoblin.
a - a +2 short sword (weapon)
The hobgoblin hits you but does no damage.
You hit the hobgoblin.
You kill the hobgoblin!
b - a +0 hunting sling (weapon)
You see here a club.
You see here a stone.
i - a stone You see here 2 stones.
i - 3 stones (gained 2) Firing (i - inventory):
i - 3 stones (quivered)
Press: ? - help, Shift-Dir - straight line, f - giant cockroach
Aim: a giant cockroach You shoot a stone.
The stone hits the giant cockroach.
You kill the giant cockroach!
Found 10 sling bullets.
You see here a stone.
You see here 10 sling bullets.
l - 10 sling bullets Quiver which item? (- for none, * to show all) (? for menu, Esc to quit)
Quivering
l - 10 sling bullets for slings.
You see here a stone.
Found a stone staircase leading up.
A dart slug comes into view.
An adder comes into view.
The adder hisses angrily.
The adder moves out of view.
a - a +2 short sword (weapon)
The dart slug launches a dart at you. The slug dart hits you!
Found 21 sling bullets.
The dart slug bites you but does no damage.
The dart slug launches a dart at you. The slug dart hits you!
* * * LOW HITPOINT WARNING * * *
The dart slug launches a dart at you. The slug dart hits you!
* * * LOW HITPOINT WARNING * * *
You hit the dart slug.
The dart slug is severely wounded.
You hit the dart slug.
You kill the dart slug!
Your Dodging skill increases to level 1!
You barely miss the adder. The adder closely misses you.
You miss the adder. The adder bites you.
* * * LOW HITPOINT WARNING * * *
The adder bites you but does no damage.
You miss the adder. The adder bites you.
* * * LOW HITPOINT WARNING * * *
You are lethally poisoned!
The adder poisons you!
You feel better. The adder bites you but does no damage.
You closely miss the adder. The adder bites you.
* * * LOW HITPOINT WARNING * * *
You barely miss the adder. The adder misses you.
You closely miss the adder. The adder bites you but does no damage.
You closely miss the adder. The adder bites you.
* * * LOW HITPOINT WARNING * * *
You are lethally poisoned!
The adder poisons you! The adder bites you but does no damage.
You hit the adder but do no damage.
* * * LOW HITPOINT WARNING * * *
You feel sick. The adder bites you.
* * * LOW HITPOINT WARNING * * *
You are more poisoned.
The adder poisons you!
You closely miss the adder. The adder barely misses you.
Are you sure you want to abandon this character and quit the game? (Confirm with "yes".)

############.........#
...........#.........#
..............#.#####
#####..####.#####.########
........).................
###...<##.#.####.########
#....##.#..# #.#
.####.......#..###.#####..
.......^........@S........
.####....####...##.#......
#...).........##.<..#..#
#.#....######. #.......#
#.#....######. #.......
..#.##.......... #......##
........######## #......#
..#####....# ....(..#
#.##.#


You could see an adder.

Vanquished Creatures
  An ooze (D:2)
  A dart slug (D:2)
  A giant cockroach (D:2)
  A hobgoblin (D:2)
  A bat (D:1)
  A frilled lizard (D:2)
  A kobold (D:1)
  2 rats
9 creatures vanquished.

Notes
Turn   | Place    | Note
-------+----------+-------------------------------------------
     0 | D:1      | tidbits the High Elf Wanderer began the quest for the Orb.
     0 | D:1      | tidbits set off with: a +2 short sword, a potion of curing, 12 poisoned needles, a +0 blowgun, a +0 robe, a bread ration
     0 | D:1      | Reached XP level 1. HP: 16/16 MP: 2/2
   232 | D:2      | Reached XP level 2. HP: 9/21 MP: 3/3
   294 | D:2      | Reached skill level 1 in Dodging
   305 | D:2      | Quit the game

Skill      XL: |  1  2 |
---------------+-------+-----
Dodging        | 1 |  1.0
Fighting       | |  3.3
Short Blades   | |  4.8
Throwing       | |  1.0
Armour         | |  1.1
Shields        | |  1.0

Action                   || total
-------------------------++-------
Melee: Short sword       ||    22
 Fire: Hunting sling     ||    13
  Use: Potion            ||     1
Armor: Robe              ||     6
       Scale mail        ||     7
Dodge: Dodged            ||    10

Table legend:
 A = Turns spent in this place as a percentage of turns spent in the entire game.
 B = Non-inter-level travel turns spent in this place as a percentage of non-inter-level travel turns spent in the entire game.
 C = Inter-level travel turns spent in this place as a percentage of turns spent in this place.
 D = Turns resting spent in this place as a percentage of non-inter-level travel turns spent in this place.
 E = Turns spent auto-exploring this place as a percentage of non-inter-level travel turns spent in this place.
 F = Non-inter-level travel turns spent in this place divided by the number of levels of this place that you've seen.
                   A       B       C       D       E      F
               +-------+-------+-------+-------+-------+----------------------
         Total | 100.0 | 100.0 |   0.0 |   0.0 |   0.0 | 138.0
       Dungeon | 100.0 | 100.0 |   0.0 |   0.0 |   0.0 | 138.0
               +-------+-------+-------+-------+-------+----------------------

Table legend:
 A = Kills in this place as a percentage of kills in entire the game.
 B = Kills by you in this place as a percentage of kills by you in the entire game.
 C = Kills by friends in this place as a percentage of kills by friends in the entire game.
 D = Other kills in this place as a percentage of other kills in the entire game.
 E = Experience gained in this place as a percentage of experience gained in the entire game.
 F = Experience gained in this place divided by the number of levels of this place that you have seen.
                   A       B       C       D       E      F
               +-------+-------+-------+-------+-------+----------------------
         Total | 100.0 | 100.0 |  -nan |  -nan | 100.0 |  10.0
       Dungeon | 100.0 | 100.0 |  -nan |  -nan | 100.0 |  10.0
               +-------+-------+-------+-------+-------+----------------------

Vault maps used:
D:1:      dpeg_arrival_leaves_temple_mockup
D:2:      overflow_temple_1_default
